 Dungeon Crawl Stone Soup version 0.30-a0-1018-g25214051b3 (webtiles) character file.

Game seed: 5895601669805079397

4070 greenreed the Fighter (level 10, -7/94 HPs)
             Began as a Minotaur Fighter on Apr 7, 2023.
             Was a Believer of Nemelex Xobeh.
             Mangled by a slime creature (14 damage)
             ... on level 7 of the Dungeon.
             The game lasted 00:13:51 (8507 turns).

greenreed the Fighter (Minotaur Fighter)            Turns: 8507, Time: 00:13:52

Health: -7/94      AC:  9    Str: 24    XL:     10   Next: 5%
Magic:  9/9        EV:  9    Int:  5    God:    Nemelex Xobeh [**....]
Gold:   436        SH:  5    Dex: 11    Spells: 9/9 levels left

rFire   . . .      SeeInvis .    a - +0 war axe
rCold   . . .      Faith    .    c - +0 buckler
rNeg    . . .      Spirit   .    b - +0 scale mail
rPois   .          Reflect  .    (helmet restricted)
rElec   .          Rampage  .    (no cloak)
rCorr   .                        v - +0 pair of gloves
Will    .....                    (no boots) Stlth
                                 (no amulet)
HPRegen 0.35/turn                (no ring)
MPRegen 0.11/turn                (no ring)

@: no status effects
A: horns 2, retaliatory headbutt
a: Renounce Religion, Draw Escape, Draw Destruction, Draw Summoning


You were on level 7 of the Dungeon.
You worshipped Nemelex Xobeh.
Nemelex Xobeh was pleased with you.
You visited 2 branches of the dungeon, and saw 9 of its levels.

You collected 436 gold pieces.

Inventory:

Hand Weapons
 a - a +0 war axe (weapon)
Armour
 b - a +0 scale mail (worn)
 c - a +0 buckler (worn)
 v - a +0 pair of gloves (worn)
Jewellery
 g - a +6 ring of dexterity
 y - a ring of wizardry
Wands
 z - a wand of polymorph (6)
 D - a wand of paralysis (4)
Scrolls
 d - 2 scrolls of acquirement {unknown}
 f - 10 scrolls of identify {unknown}
 h - a scroll of enchant weapon {unknown}
 i - 5 scrolls of teleportation {unknown}
 k - 2 scrolls of poison {unknown}
 l - a scroll of fog {unknown}
 o - a scroll of brand weapon {unknown}
 q - a scroll of fear {unknown}
 s - 2 scrolls of blinking {unknown}
 x - 2 scrolls of enchant armour {unknown}
 B - 4 scrolls of torment {unknown}
 E - a scroll of vulnerability {unknown}
 F - 3 scrolls of amnesia {unknown}
 G - a scroll of noise {unknown}
Potions
 e - 4 potions of mutation {unknown}
 j - 4 potions of curing {unknown}
 m - a potion of magic {unknown}
 n - a potion of resistance {unknown}
 p - 2 potions of haste {unknown}
 r - 2 potions of attraction {unknown}
 t - 2 potions of flight {unknown}
 u - a potion of lignification {unknown}
 w - 2 potions of degeneration {unknown}
 A - 2 potions of brilliance {unknown}
 C - a potion of berserk rage {unknown}
 H - a potion of might
 J - a potion of invisibility {unknown}


   Skills:
 * Level 10.7 Fighting
 * Level 10.3 Axes
 + Level 7.9 Armour
 + Level 8.0 Shields


You had 9 spell levels left.
You didn't know any spells.
Your spell library contained the following spells:

 Spells                   Type           Power      Damage    Failure   Level
 Apportation              Tloc           0%         N/A       82%         1
 Necrotise                Necr           0%         1d4       82%         1
 Summon Small Mammal      Summ           0%         N/A       82%         1
 Blink                    Tloc           0%         N/A       91%         2
 Lesser Beckoning         Tloc           0%         N/A       91%         2
 Momentum Strike          Conj/Tloc      0%         3d8       91%         2
 Ozocubu's Armour         Ice            0%         N/A       99%         3
 Summon Forest            Summ/Tloc      0%         N/A       100%        5
 Summon Mana Viper        Hex/Summ       0%         N/A       100%        5
 Conjure Ball Lightning   Conj/Air       0%         3x3d6     100%        6
 Summon Cactus Giant      Summ           0%         N/A       100%        6
 Ozocubu's Refrigeration  Ice            0%         4d7       100%        7
 Discord                  Hex            0%         N/A       100%        8
 Disjunction              Tloc           0%         N/A       100%        8


Dungeon Overview and Level Annotations

Branches:
Dungeon (8/15)             Temple (1/1) D:5
   Lair: D:8-11

Altars:
Ashenzari
Cheibriados
Elyvilon
Fedhas
Gozag
Hepliaklqana
Kikubaaqudgha
Makhleb
Nemelex Xobeh
Okawaru
Qazlal
Ru
Sif Muna
Trog
Uskayaw
Vehumet
Wu Jian
Xom
Yredelemnul
Zin
The Shining One

Shops:
D:3 *

Annotations:
D:6 3 runed translucent doors, xian's ghost, novice TrBe


Innate Abilities, Weirdness & Mutations

You have a pair of horns on your head.
You reflexively headbutt those who attack you in melee.


Message History

The slime creature attacks as you move away!
The slime creature closely misses you. You furiously retaliate!
You headbutt the slime creature!
The slime creature attacks as you move away!
The slime creature hits you.
Two slime creatures merge to form a large slime creature.
The slime creature attacks as you move away!
You block the slime creature's attack.
The slime creature attacks as you move away!
You block the slime creature's attack.
The slime creature jiggles.
The slime creature attacks as you move away!
The slime creature hits you!
* * * LOW HITPOINT WARNING * * *
The slime creature attacks as you move away!
The slime creature hits you!
* * * LOW HITPOINT WARNING * * *
The slime creature attacks as you move away!
The slime creature closely misses you.
The slime creature attacks as you move away!
The slime creature hits you!
* * * LOW HITPOINT WARNING * * *
You feel much better. The slime creature hits you!
* * * LOW HITPOINT WARNING * * *
The slime creature attacks as you move away!
The slime creature barely misses you.
There is a stone staircase leading up here.
The slime creature hits you!
* * * LOW HITPOINT WARNING * * *
You climb upwards.
There is a stone staircase leading down here.
You hit the slime creature. You headbutt the slime creature!
The slime creature is moderately wounded.
The slime creature barely misses you. You furiously retaliate!
You headbutt the slime creature, but do no damage.
You slash the slime creature! You headbutt the slime creature.
The slime creature is severely wounded.
The slime creature hits you!
You die...
Your body disappears without a glow.

## #...##.## #.#
.# ### #.......#
#.# .###.##
#...##..# #.#
.##...#####.###..#
#.# ............#
#..###.#
###...#######
#......# ##.##
##.##### #.# #J#
#.# #@# ##'## #.#
##...## ##.#
##.....## ##..#
#.......## ##..##
.........####...##
.........'.......#
.........####...##
#....#########(.##


You could see a slime creature.

Vanquished Creatures
  Pikel (D:4)
  Joseph (D:7)
  Grinder (D:3)
  Sigmund (D:3)
  2 steam dragons
  A water moccasin (D:6)
  An orc warrior (D:7)
  4 ice beasts (D:6)
  2 black bears (D:6)
  An ogre (D:5)
  2 centaurs
  3 lemures (D:4)
  A kobold brigand (D:6)
  A phantom (D:5)
  3 bullfrogs
  2 scorpions
  5 wights (D:7)
  5 killer bees (D:8)
  3 hounds (D:5)
  3 jellies
  4 orc priests
  6 orc wizards
  Ijyb (D:4)
  Terence (D:3)
  An iguana (D:6)
  Robin (D:4)
  6 gnolls (D:3)
  7 adders
  2 shadow imps (D:7)
  A white imp (D:8)
  2 ufetubi
  A worm (D:2)
  A dart slug (D:5)
  18 orcs
  5 endoplasms
  4 giant cockroaches
  17 goblins
  4 hobgoblins
  3 jackals (D:3)
  8 kobolds
  2 quokkas (D:1)
  7 ball pythons
  7 bats
  A frilled lizard (D:1)
  4 rats
157 creatures vanquished.

Notes
Turn   | Place    | Note
-------+----------+-------------------------------------------
     0 | D:1      | greenreed the Minotaur Fighter began the quest for the Orb.
     0 | D:1      | Reached XP level 1. HP: 19/19 MP: 0/0
   166 | D:1      | Reached XP level 2. HP: 24/27 MP: 1/1
   474 | D:1      | Reached XP level 3. HP: 33/33 MP: 2/2
   872 | D:2      | Found an ancient bone altar of Kikubaaqudgha.
   923 | D:2      | Identified the +5 ring mail of Responsibility {-Cast
                  | *Corrode rElec Dex+9}
   929 | D:2      | Reached XP level 4. HP: 41/41 MP: 3/3
  1163 | D:3      | Noticed Grinder
  1170 | D:3      | Killed Grinder
  1171 | D:3      | Reached skill level 5 in Fighting
  1171 | D:3      | Reached XP level 5. HP: 30/48 MP: 4/4
  1171 | D:3      | Reached XP level 6. HP: 35/56 MP: 5/5
  1382 | D:3      | Found Zin's Purification Station.
  1382 | D:3      | Found a glowing silver altar of Zin.
  1465 | D:3      | Found a shimmering blue altar of Sif Muna.
  1550 | D:3      | Noticed Sigmund
  1608 | D:3      | Killed Sigmund
  1609 | D:3      | Reached skill level 5 in Axes
  1609 | D:3      | Reached skill level 5 in Armour
  1609 | D:3      | Reached skill level 5 in Shields
  1731 | D:3      | Noticed Terence
  1750 | D:3      | Killed Terence
  2183 | D:3      | Reached XP level 7. HP: 49/63 MP: 6/6
  2183 | D:3      | Found a radiant altar of Vehumet.
  2963 | D:4      | Noticed Ijyb
  2979 | D:4      | Killed Ijyb
  3118 | D:4      | You fall into a shaft and drop 3 floors!
  3355 | D:7      | Noticed a steam dragon
  3366 | D:7      | Killed a steam dragon
  3367 | D:7      | Reached XP level 8. HP: 39/73 MP: 7/7
  3485 | D:7      | Paralysed by an orc for 5 turns
  3961 | D:5      | Entered Level 5 of the Dungeon
  3962 | D:5      | Found a staircase to the Ecumenical Temple.
  3972 | Temple   | Entered the Ecumenical Temple
  4012 | Temple   | Became a worshipper of Nemelex Xobeh the Trickster
  4799 | D:7      | Reached * piety under Nemelex Xobeh
  4811 | D:7      | Noticed Joseph
  4832 | D:7      | Killed Joseph
  4833 | D:7      | Reached XP level 9. HP: 9/83 MP: 8/8
  5569 | D:6      | Found a snail-covered altar of Cheibriados.
  5760 | D:6      | Found a runed translucent gate.
  5760 | D:6      | Noticed xian's ghost (novice TrBe)
  5761 | D:6      | Found a runed translucent gate.
  5762 | D:6      | Found a runed translucent gate.
  5826 | D:6      | Found a stormy altar of Qazlal.
  6001 | D:5      | Reached skill level 10 in Fighting
  6003 | D:5      | Found a sacrificial altar of Ru.
  6004 | D:5      | Found a hide-covered altar of Uskayaw.
  6063 | D:5      | Received a gift from Nemelex Xobeh
  6371 | D:5      | Found a shimmering altar of Xom.
  6441 | D:5      | Found a glowing golden altar of the Shining One.
  6608 | D:4      | Reached ** piety under Nemelex Xobeh
  6747 | D:4      | Noticed Robin
  6783 | D:4      | Killed Robin
  7089 | D:4      | Noticed Pikel
  7120 | D:4      | Killed Pikel
  7121 | D:4      | Reached skill level 10 in Axes
  7977 | D:8      | Noticed a two-headed ogre
  8115 | D:8      | Reached XP level 10. HP: 84/94 MP: 9/9
  8499 | D:8      | HP: 4/94 [slime creature (12)]
  8507 | D:7      | Mangled by a slime creature

Illustrated notes

Levels and vault maps discovered:
D:1:      dpeg_arrival_signposts, layout_rooms
D:2:      layout_rooms, basic_altar
D:3:      layout_basic, led_sif_pool, nicolae_vehumet_altar_sigil, zin_purify,
          uniq_terence, uniq_grinder, uniq_sigmund
D:4:      layout_layer_cave, uniq_pikel, uniq_robin, uniq_ijyb
D:5:      layout_basic, mainiacjoe_overflow_alcove_1, nicolae_overflow_squiral,
          lemuel_doored_altar, minmay_temple_entry_from_below_a
D:6:      layout_rooms, overflow_temple_1_default, kennysheep_mini_moat,
          biasface_ghost_orc_armoury, wad_rectangle_vault
D:7:      layout_loops_corners, minmay_misc_feat_diagonals,
          kennysheep_generic_room_11, uniq_joseph
D:8:      layout_layer_cave, mainiacjoe_overflow_paths, serial_shops,
          shop_statue, gammafunk_ghost_icy
Temple:   minmay_temple_bridge_abc

Skill      XL: |  1  2  3  4  5  6  7  8  9 |
---------------+----------------------------+-----
Fighting       | 4 5 6 7 9 10 | 10.7
Shields        | 4 5 6 8 |  8.0
Axes           | 3 4 5 6 8 10 | 10.3
Armour         | 4 5 6 7 |  7.9

Action                     |  1- 3 |  4- 6 |  7- 9 | 10-12 || total
---------------------------+-------+-------+-------+-------++-------
  Melee: War axe           |    70 |    68 |   297 |    18 ||   453
         Headbutt          |     6 |     9 |    56 |     6 ||    77
         Unarmed           |       |       |     7 |       ||     7
    Use: Potion            |       |     1 |     1 |     1 ||     3
 Armour: Scale mail        |    33 |    23 |   111 |     7 ||   174
         Skin              |       |       |     1 |       ||     1
  Dodge: Dodged            |    29 |    31 |   132 |    14 ||   206
  Block: Buckler           |    21 |    15 |    80 |     8 ||   124

Table legend: (Time is in decaauts)
 A = Elapsed time spent in this place.
 B = Non-inter-level travel time spent in this place.
 C = Inter-level travel time spent in this place.
 D = Time resting spent in this place.
 E = Time spent auto-exploring this place.
 F = Levels seen in this place.
 G = Mean time per level.
                   A        B        C        D        E       F      G
               +--------+--------+--------+--------+--------+-----+--------+
         Total |   8595 |   8087 |    508 |   1011 |   5749 |   9 |  955.0 |
       Dungeon |   8379 |   7926 |    453 |   1011 |   5594 |   8 | 1047.4 |
        Temple |    215 |    160 |     55 |      0 |    155 |   1 |  215.0 |
               +--------+--------+--------+--------+--------+-----+--------+

Top non-repeatable levels by time:
     D:7: 2048 daAuts
     D:3: 1581 daAuts
     D:4: 1322 daAuts
     D:6: 1040 daAuts
     D:5: 909 daAuts
     D:1: 655 daAuts
     D:2: 538 daAuts
     D:8: 283 daAuts
  Temple: 215 daAuts
